[Event "Titled Tuesday Blitz June 14 Late 2022"]
[White "Sarana, Alexey"]
[Black "Korchmar, Vasiliy"]
[WhiteFideId "24133795"]
[BlackFideId "24131750"]
[WhiteElo "2666"]
[BlackElo "2370"]
[Result "0-1"]
[Round "05"]
[TimeControl "180+1"]
[Date "2022.06.14"]
[WhiteClock "0:01:08"]
[BlackClock "0:00:23"]

1. d4 d5 2. c4 c6 3. Nf3 Nf6 4. Nc3 e6 5. e3 Nbd7 6. Qc2 Bd6 7. Be2 dxc4 8. Bxc4 O-O 9. O-O e5 10. a3 exd4 11. exd4 Nb6 12. Ba2 Re8 13. Bg5 Be6 14. Bb1 Nbd7 15. Ne4 Be7 16. Nxf6+ Nxf6 17. Bxf6 Bxf6 18. Qxh7+ Kf8 19. Bf5 Bd5 20. Qh8+ Ke7 21. Rfe1+ Kd6 22. Qh3 Kc7 23. Rxe8 Qxe8 24. Qg3+ Kb6 25. Re1 Qb8 26. Ne5 Bxe5 27. dxe5 g6 28. Bc2 Qf8 29. b4 a5 30. Rb1 axb4 31. Rxb4+ Qxb4 32. h4 Rxa3 33. Qg5 Qe1+ 34. Kh2 Qxf2 35. h5 gxh5 36. Bf5 Qxg2+ 37. Qxg2 Bxg2 0-1


[Site "https://www.chess.com"]

[Event "Titled Tuesday Blitz June 14 Late 2022"]
[White "Seletsky, Grigory"]
[Black "Bringas Gomez, Artai"]
[WhiteFideId "14112191"]
[BlackFideId "24534064"]
[WhiteElo "2492"]
[BlackElo "1988"]
[Result "0-1"]
[Round "05"]
[TimeControl "180+1"]
[Date "2022.06.15"]
[WhiteClock "0:00:03"]
[BlackClock "0:00:31"]

1. e4 c6 2. d4 d5 3. Nc3 dxe4 4. Nxe4 Nd7 5. Ng5 Ngf6 6. Bd3 e6 7. N1f3 Bd6 8. Qe2 h6 9. Bg6 hxg5 10. Bxf7+ Kxf7 11. Nxg5+ Ke8 12. Nxe6 Qe7 13. Nxg7+ Kf7 14. Nf5 Qxe2+ 15. Kxe2 Bc7 16. Be3 Nb6 17. Ng3 Nc4 18. b3 Nxe3 19. fxe3 Bxg3 20. hxg3 Bg4+ 21. Kd3 Bf5+ 22. Kc3 Nd5+ 23. Kb2 Rxh1 24. Rxh1 Nxe3 25. c4 Rd8 26. Kc3 Nxg2 27. a4 Ne3 28. a5 a6 29. Rh4 Nd1+ 30. Kb4 Nf2 31. Kc5 Nd3+ 32. Kb6 Rd7 33. g4 Bg6 34. g5 Ke6 35. Ka7 Kf5 36. Rh8 Rxd4 37. Kxb7 Nb4 38. Kb6 Rd3 39. Kc5 Rxb3 40. Ra8 Kxg5 41. Ra7 Kf4 42. Kd4 Bf5 43. Kc5 Be6 44. Kd6 Bxc4 45. Kc5 Bb5 46. Rd7 Nd5 47. Rf7+ Ke4 0-1


[Site "https://www.chess.com"]

[Event "Titled Tuesday Blitz June 14 Late 2022"]
[White "Shirov, Alexei"]
[Black "Janaszak, Dawid"]
[WhiteFideId "2209390"]
[BlackFideId "1119206"]
[WhiteElo "2678"]
[BlackElo "2199"]
[Result "1-0"]
[Round "05"]
[TimeControl "180+1"]
[Date "2022.06.14"]
[WhiteClock "0:01:20"]
[BlackClock "0:00:17"]

1. e4 c5 2. Nc3 Nc6 3. Nge2 g6 4. d4 cxd4 5. Nxd4 Bg7 6. Be3 Nf6 7. Bc4 O-O 8. Bb3 Re8 9. Nxc6 dxc6 10. Qxd8 Rxd8 11. f3 Ne8 12. Ke2 Nd6 13. Rhd1 Be6 14. Bxe6 fxe6 15. Bd4 e5 16. Bc5 Kf7 17. a4 Ke6 18. a5 Bf6 19. Na4 h5 20. Bf2 Kf7 21. b3 Nb5 22. c4 Nd4+ 23. Bxd4 Rxd4 24. Nc5 Rb8 25. Rxd4 exd4 26. Nd3 e5 27. b4 Re8 28. b5 cxb5 29. cxb5 Rc8 30. a6 bxa6 31. Rxa6 Rc2+ 32. Kd1 Rxg2 33. Rxa7+ Ke6 34. b6 Bd8 35. b7 Bc7 36. Ra6+ Kd7 37. Nc5+ Ke8 38. Rc6 Kd8 39. Ne6+ Kd7 40. Rxc7+ 1-0


[Site "https://www.chess.com"]

[Event "Titled Tuesday Blitz June 14 Late 2022"]
[White "Song, Michael"]
[Black "Yuan, Qingyu"]
[WhiteFideId "2613190"]
[BlackFideId "8609772"]
[WhiteElo "2274"]
[BlackElo "2359"]
[Result "0-1"]
[Round "05"]
[TimeControl "180+1"]
[Date "2022.06.14"]
[WhiteClock "0:00:02"]
[BlackClock "0:00:09"]

1. d4 d5 2. c4 e6 3. Nc3 Nf6 4. cxd5 exd5 5. Bg5 c6 6. e3 h6 7. Bh4 Be7 8. Bd3 O-O 9. Qc2 Re8 10. O-O-O b5 11. Kb1 Nbd7 12. Nge2 Nb6 13. Rc1 a5 14. f3 a4 15. Bf2 b4 16. Nd1 Nc4 17. Bxc4 dxc4 18. Qxc4 Ba6 19. Qc2 b3 20. Qd2 bxa2+ 21. Ka1 a3 22. b3 Rb8 23. Nf4 Rxb3 24. Qxa2 Rb6 25. e4 Qb8 26. Be3 Nd7 27. e5 Nxe5 28. dxe5 Qxe5+ 29. Rc3 Bb4 30. Qd2 Bxc3+ 31. Qxc3 Qxc3+ 32. Nxc3 Rxe3 33. Ne4 Bc4 34. Rc1 Bd5 35. Nc3 Bb3 36. Nb1 a2 37. Nc3 g5 38. Nh5 Be6 39. Nf6+ Kg7 40. Nfe4 f5 41. Nc5 Bf7 42. N5a4 Rb4 43. Nb2 g4 44. fxg4 fxg4 45. Ncd1 Re1 46. Rxc6 Rxd1+ 47. Nxd1 Rb1# 0-1


[Site "https://www.chess.com"]

[Event "Titled Tuesday Blitz June 14 Late 2022"]
[White "Svane, Rasmus"]
[Black "Dardha, Daniel"]
[WhiteFideId "4657101"]
[BlackFideId "240990"]
[WhiteElo "2674"]
[BlackElo "2482"]
[Result "0-1"]
[Round "05"]
[TimeControl "180+1"]
[Date "2022.06.14"]
[WhiteClock "0:00:09"]
[BlackClock "0:00:25"]

1. Nf3 d5 2. g3 g6 3. Bg2 Bg7 4. d4 Nf6 5. O-O O-O 6. c3 Nc6 7. Bf4 Bf5 8. Qb3 Na5 9. Qa4 c6 10. Nbd2 Ne4 11. Rfe1 b5 12. Qd1 Nc4 13. Nxe4 Bxe4 14. b3 Nd6 15. Bh3 Bxf3 16. exf3 e6 17. a4 a6 18. Bf1 Qd7 19. h4 Rfc8 20. Kg2 c5 21. Bxd6 Qxd6 22. axb5 axb5 23. Rxa8 Rxa8 24. Bxb5 cxd4 25. cxd4 Qb4 26. Ba4 Rc8 27. Re2 Qxd4 28. Qxd4 Bxd4 29. Rd2 Bb6 30. Rb2 Kf8 31. b4 Ke7 32. Bd1 Kd6 33. Rc2 Rc4 34. Rxc4 dxc4 35. Kf1 Kd5 36. Ke2 Kd4 37. f4 Kc3 38. f3 Kb2 39. g4 c3 40. Kd3 f5 41. h5 Bc7 42. hxg6 hxg6 43. b5 Bxf4 44. b6 Bb8 45. b7 Bc7 46. Ba4 Bd6 47. Bd1 f4 48. Ba4 e5 49. Bd1 Bc7 50. g5 Bb8 51. Ba4 e4+ 52. fxe4 f3 53. Ke3 c2 54. Bxc2 Kxc2 55. Kxf3 Kd3 56. Kg4 Kxe4 57. Kh4 Kf4 58. Kh3 Kxg5 59. Kg2 Kf5 60. Kf3 g5 61. Kg2 g4 62. Kf2 g3+ 63. Kg2 Ke6 64. Kg1 Kd7 65. Kg2 Kc6 66. Kf3 Kxb7 67. Kg2 Kc6 68. Kh3 0-1


[Site "https://www.chess.com"]

[Event "Titled Tuesday Blitz June 14 Late 2022"]
[White "Swiercz, Dariusz"]
[Black "Tica, Sven"]
[WhiteFideId "1126881"]
[BlackFideId "14526948"]
[WhiteElo "2627"]
[BlackElo "2346"]
[Result "1-0"]
[Round "05"]
[TimeControl "180+1"]
[Date "2022.06.14"]
[WhiteClock "0:00:40"]
[BlackClock "0:01:12"]

1. e4 c5 2. Nf3 Nf6 3. Nc3 d5 4. exd5 Nxd5 5. Bb5+ Bd7 6. Bxd7+ Qxd7 7. O-O Nc6 8. d3 e6 9. Re1 Be7 10. Nxd5 Qxd5 11. Bd2 Bf6 12. Bc3 Bxc3 13. bxc3 O-O 14. c4 Qf5 15. Qe2 Rfd8 16. Qe3 b6 17. a4 Nd4 18. Nxd4 Rxd4 19. a5 Rb8 20. axb6 axb6 21. Ra7 h6 22. h3 b5 23. Qg3 Qf4 24. Qxf4 Rxf4 25. Rb1 b4 26. Ra5 Rf5 27. f3 g5 28. Kf2 f6 29. Re1 Rb6 30. g4 Re5 31. Rxe5 fxe5 32. Rxc5 b3 33. cxb3 Rxb3 34. Ke3 Kf7 35. Rb5 Rc3 36. Rxe5 Rc2 37. h4 Kf6 38. Ra5 1-0


[Site "https://www.chess.com"]

[Event "Titled Tuesday Blitz June 14 Late 2022"]
[White "Tarigan, Gilbert Elroy"]
[Black "Donskov, Anatoly"]
[WhiteFideId "7108133"]
[BlackFideId "24143413"]
[WhiteElo "1908"]
[BlackElo "2219"]
[Result "1-0"]
[Round "05"]
[TimeControl "180+1"]
[Date "2022.06.15"]
[WhiteClock "0:00:10"]
[BlackClock "0:00:16"]

1. e4 c5 2. Nf3 Nc6 3. d4 cxd4 4. Nxd4 Nf6 5. Nc3 d6 6. Bg5 e6 7. Qd2 a6 8. O-O-O Bd7 9. f4 b5 10. Nf3 b4 11. Bxf6 gxf6 12. Ne2 Qa5 13. Kb1 Qc5 14. Ned4 Nxd4 15. Nxd4 a5 16. f5 a4 17. fxe6 fxe6 18. Be2 a3 19. b3 Qc3 20. Qxc3 bxc3 21. Bc4 Ke7 22. Ne2 Bh6 23. Rd3 Rhg8 24. g3 Bc6 25. Nxc3 Rad8 26. Rhd1 Rg4 27. Re1 Bg7 28. Nd5+ Bxd5 29. exd5 e5 30. Rf3 f5 31. Rxf5 Rxc4 32. bxc4 Rb8+ 33. Kc1 Bh6+ 34. Kd1 Rb1+ 35. Ke2 Rb2 36. Kd3 Rxa2 37. Rh5 Bg7 38. Rxh7 Kf7 39. Kc3 e4+ 40. Rxg7+ Kxg7 41. Rxe4 Ra1 42. Re7+ Kf6 43. Re6+ Kf5 44. Rxd6 Rh1 45. Ra6 Rxh2 46. Rxa3 Ke5 47. Ra6 Rg2 48. Re6+ Kf5 49. Re3 Rf2 50. c5 Rf1 51. d6 Ra1 52. d7 Ra8 53. Re8 Ra6 54. d8=Q Rf6 55. Qxf6+ Kxf6 56. c6 Kf5 57. Re3 Kg4 58. c7 Kg5 59. Rf3 Kh5 60. g4+ Kg6 61. g5 Kh5 62. g6 Kxg6 63. c8=Q Kh5 64. Qf8 Kg5 65. Qf4+ Kh5 66. Rh3+ Kg6 67. Rh6+ Kg7 68. Qf6+ Kg8 69. Rh8# 1-0


[Site "https://www.chess.com"]

[Event "Titled Tuesday Blitz June 14 Late 2022"]
[White "Vifleemskaia, Svetlana"]
[Black "Toncheva, Nadya"]
[WhiteFideId "4129490"]
[BlackFideId "2924056"]
[WhiteElo "1929"]
[BlackElo "1888"]
[Result "0-1"]
[Round "05"]
[TimeControl "180+1"]
[Date "2022.06.15"]
[WhiteClock "0:00:05"]
[BlackClock "0:00:06"]

1. d4 Nf6 2. c4 e6 3. Nc3 c5 4. d5 exd5 5. cxd5 d6 6. e4 g6 7. Nf3 a6 8. a4 Bg4 9. Be2 Bxf3 10. Bxf3 Bg7 11. O-O O-O 12. g3 Nbd7 13. Bg2 Rc8 14. f4 c4 15. Be3 Nc5 16. h3 Re8 17. e5 dxe5 18. f5 Nd3 19. fxg6 hxg6 20. Bg5 Qb6+ 21. Kh2 Qxb2 22. Bxf6 Qxc3 23. Qf3 Rc7 24. d6 Rd7 25. Bxg7 Kxg7 26. Qf6+ Kh6 27. Qh4+ Kg7 28. Qf6+ Kh7 29. Be4 Qd2+ 30. Kh1 Nc5 31. Rad1 Nxe4 32. Qh4+ Qh6 33. Qxe4 Qxh3+ 34. Kg1 Qxg3+ 35. Qg2 Qxg2+ 36. Kxg2 Re6 37. Rc1 Rexd6 38. Rxc4 Rd2+ 39. Kg3 f5 40. Rh1+ Kg7 41. Re1 R7d3+ 42. Kh4 Rd4+ 43. Rxd4 Rxd4+ 44. Kg3 Kf6 45. Kf3 Rd3+ 46. Ke2 Ra3 47. Rb1 Rxa4 48. Rxb7 Kg5 49. Rb6 e4 50. Ke3 Ra3+ 51. Kd4 Rd3+ 52. Kc4 Rd7 53. Rxa6 e3 54. Re6 f4 55. Re5+ Kg4 56. Re6 g5 57. Re5 Rd6 58. Kc3 Kf3 59. Rxg5 e2 60. Re5 Kf2 61. Kc2 e1=Q 0-1


[Site "https://www.chess.com"]

[Event "Titled Tuesday Blitz June 14 Late 2022"]
[White "Wachinger, Guenther"]
[Black "Terry, Renato"]
[WhiteFideId "4604261"]
[BlackFideId "3803457"]
[WhiteElo "2212"]
[BlackElo "2577"]
[Result "0-1"]
[Round "05"]
[TimeControl "180+1"]
[Date "2022.06.15"]
[WhiteClock "0:00:03"]
[BlackClock "0:01:16"]

1. e4 e6 2. d4 d5 3. Nd2 Be7 4. c3 c5 5. dxc5 Bxc5 6. Bd3 Nf6 7. Qe2 Nc6 8. e5 Nxe5 9. Qxe5 Bxf2+ 10. Kf1 Bc5 11. Nh3 Ng4 12. Qg3 e5 13. Nb3 Bb6 14. Bb5+ Kf8 15. Be2 h5 16. Bxg4 hxg4 17. Nf2 Qf6 18. Be3 Bc7 19. Rd1 Qa6+ 20. Kg1 Qxa2 21. Nd2 Qxb2 22. Bd4 f6 23. Nf1 Qb5 24. h3 Qc6 25. Be3 gxh3 26. Nxh3 Be6 27. Nf2 Rxh1+ 28. Nxh1 a5 29. Nf2 a4 30. Qh4 a3 31. Qh8+ Bg8 32. Nd3 a2 33. Bc5+ Bd6 34. Bxd6+ Qxd6 35. Ra1 Qb6+ 36. Kh1 Qb1 37. Nc5 Qxa1 38. Ne6+ Ke7 39. Qxg7+ Kxe6 40. Qg4+ Kd6 41. Qf3 Qxf1+ 42. Qxf1 a1=Q 0-1


[Site "https://www.chess.com"]

[Event "Titled Tuesday Blitz June 14 Late 2022"]
[White "Yoo, Christopher Woojin"]
[Black "Castellanos Hernandez, Emilio Au"]
[WhiteFideId "30909694"]
[BlackFideId "5114179"]
[WhiteElo "2105"]
[BlackElo "2021"]
[Result "1-0"]
[Round "05"]
[TimeControl "180+1"]
[Date "2022.06.14"]
[WhiteClock "0:02:08"]
[BlackClock "0:01:54"]

1. e4 e6 2. d4 d5 3. Bd3 dxe4 4. Bxe4 Nf6 5. Bf3 Nbd7 6. Ne2 c5 7. O-O a6 8. c4 cxd4 9. Nxd4 Bc5 10. Nb3 Ba7 11. Nc3 O-O 12. Bf4 Nc5 13. Bd6 Nxb3 14. Bxf8 Qxd1 15. Raxd1 Kxf8 16. axb3 Ke7 17. Rfe1 Bc5 18. Nd5+ Nxd5 19. cxd5 Rb8 20. Bg4 b5 21. dxe6 Bxe6 22. Bxe6 fxe6 23. Re4 Rb6 24. Kf1 h5 25. Re5 Bd6 26. Rxh5 Rc6 27. Rh3 Rc2 28. Rhd3 Bc5 29. R3d2 Rxd2 30. Rxd2 e5 31. Rc2 Bd4 32. Rc6 a5 33. Ra6 Bxb2 34. Rxa5 b4 35. Ra6 Bc3 36. Ke2 1-0


[Site "https://www.chess.com"]

[Event "Titled Tuesday Blitz June 14 Late 2022"]
[White "Yurasova, Daria"]
[Black "Yurovskykh, Oleksandr"]
[WhiteFideId "34146919"]
[BlackFideId "14134020"]
[WhiteElo "2021"]
[BlackElo "2292"]
[Result "0-1"]
[Round "05"]
[TimeControl "180+1"]
[Date "2022.06.15"]
[WhiteClock "0:00:02"]
[BlackClock "0:00:35"]

1. e4 d5 2. exd5 Qxd5 3. Nc3 Qd8 4. d4 Nf6 5. Nf3 Bg4 6. Bc4 e6 7. d5 Bb4 8. Bg5 h6 9. Bxf6 Qxf6 10. O-O Bxc3 11. bxc3 O-O 12. dxe6 fxe6 13. Qd4 Bxf3 14. Qxf6 Rxf6 15. gxf3 Nd7 16. Rfe1 Nc5 17. Re3 Kf7 18. Rae1 Ke7 19. Kg2 Raf8 20. a3 b6 21. Ba2 Rd8 22. R1e2 Rd6 23. Kg3 a5 24. Kg2 g5 25. h4 gxh4 26. Kh3 Rf4 27. Kg2 Ra4 28. Kh3 Rxa3 29. Bc4 Ra4 30. Bb5 Rf4 31. Kg2 Rd8 32. Bc6 Rd1 33. Re5 a4 34. Bd5 Rf6 35. Bc4 a3 36. Rh5 Ra1 37. Rxh4 a2 38. Rh1 Rxh1 0-1


[Site "https://www.chess.com"]

[Event "Titled Tuesday Blitz June 14 Late 2022"]
[White "Zakhartsov, Vladimir"]
[Black "Peng, David Yu"]
[WhiteFideId "4145097"]
[BlackFideId "2605376"]
[WhiteElo "2490"]
[BlackElo "2166"]
[Result "1/2-1/2"]
[Round "05"]
[TimeControl "180+1"]
[Date "2022.06.14"]
[WhiteClock "0:00:42"]
[BlackClock "0:00:49"]

1. d4 d5 2. c4 c6 3. Nf3 Nf6 4. Nbd2 Bf5 5. Nh4 Bg6 6. Qb3 Qc8 7. Nxg6 hxg6 8. Nf3 e6 9. Bf4 Nbd7 10. Rc1 Be7 11. e3 a5 12. a3 O-O 13. h3 a4 14. Qd1 Qd8 15. Bd3 Qa5+ 16. Qd2 Qxd2+ 17. Kxd2 Ne4+ 18. Ke2 f5 19. g4 g5 20. Bh2 fxg4 21. hxg4 Rxf3 22. Kxf3 Rf8+ 23. Kg2 Rxf2+ 24. Kh3 Rf3+ 25. Kg2 Rf2+ 26. Kh3 Rf3+ 27. Kg2 Rf2+ 1/2-1/2


[Site "https://www.chess.com"]

[Event "Titled Tuesday Blitz June 14 Late 2022"]
[White "Zhou, Liran"]
[Black "Zhigalko, Sergei"]
[WhiteFideId "30931967"]
[BlackFideId "13502956"]
[WhiteElo "2647"]
[BlackElo "2662"]
[Result "0-1"]
[Round "05"]
[TimeControl "180+1"]
[Date "2022.06.14"]
[WhiteClock "0:00:05"]
[BlackClock "0:00:05"]

1. e4 c5 2. Nf3 Nc6 3. d4 cxd4 4. Nxd4 Nf6 5. Nc3 e5 6. Ndb5 d6 7. Bg5 a6 8. Na3 b5 9. Nd5 Be7 10. Bxf6 Bxf6 11. c3 Bg5 12. Nc2 Ne7 13. Nxe7 Qxe7 14. Nb4 O-O 15. Nd5 Qb7 16. g3 Be6 17. Bg2 a5 18. O-O Rab8 19. Qd3 Bxd5 20. exd5 f5 21. Rad1 e4 22. Qe2 b4 23. c4 b3 24. a3 Qb6 25. Kh1 Bf6 26. f3 exf3 27. Rxf3 Rbe8 28. Qd2 g6 29. a4 Re7 30. Re1 Rfe8 31. Rxe7 Rxe7 32. h4 h5 33. Qh6 Re1+ 34. Kh2 Kf7 35. Qd2 Re4 36. Qd3 Rd4 37. Qxb3 Qxb3 38. Rxb3 Be5 39. Rb7+ Kf6 40. Rb5 Rxh4+ 41. Bh3 Rxc4 42. Rxa5 Rc2+ 43. Bg2 Rxb2 44. Rb5 Ra2 45. a5 h4 46. Kh3 hxg3 47. Rb6 Rxa5 48. Rb8 Kg5 49. Rg8 Ra7 50. Bf3 Rh7+ 51. Kg2 Rh2+ 52. Kg1 Bd4+ 0-1


[Site "https://www.chess.com"]

[Event "Titled Tuesday Blitz June 14 Late 2022"]
[White "Zhou, Qiyu"]
[Black "Burke, Paul"]
[WhiteFideId "505161"]
[BlackFideId "2605767"]
[WhiteElo "1925"]
[BlackElo "1932"]
[Result "1-0"]
[Round "05"]
[TimeControl "180+1"]
[Date "2022.06.15"]
[WhiteClock "0:00:03"]
[BlackClock "0:00:01"]

1. e4 e5 2. Nf3 Nc6 3. Bb5 f5 4. d3 Nf6 5. Nc3 Be7 6. Bxc6 dxc6 7. Nxe5 fxe4 8. dxe4 Qxd1+ 9. Kxd1 Bg4+ 10. f3 Be6 11. Be3 O-O-O+ 12. Ke2 Bd6 13. Nd3 Bc4 14. Rad1 Bb4 15. Nb1 Be7 16. b3 Be6 17. c4 Rhe8 18. Nf4 Bg8 19. Kf2 Rxd1 20. Rxd1 Rf8 21. Ke2 g5 22. Nd3 h6 23. Nd2 Bh7 24. Nf1 Re8 25. Ng3 Nd7 26. Kf2 Rf8 27. Kg1 Nf6 28. Bd4 Re8 29. Nf2 Nd7 30. Ne2 h5 31. Bc3 Bc5 32. Bd4 Be7 33. Be3 Rg8 34. Nd4 Bc5 35. Nc2 Bd6 36. g3 h4 37. Kf1 hxg3 38. hxg3 Bxg3 39. Ke2 Bxf2 40. Bxf2 g4 41. fxg4 Bxe4 42. Ne3 Ne5 43. Rg1 Bf3+ 44. Kd2 Rd8+ 45. Kc2 Nd3 46. Bh4 Rg8 47. Kxd3 b6 48. Kd2 c5 49. Ke1 1-0


[Site "https://www.chess.com"]

[Event "Titled Tuesday Blitz June 14 Late 2022"]
[White "Zierk, Steven"]
[Black "Tanenbaum, Zachary"]
[WhiteFideId "2034255"]
[BlackFideId "2060850"]
[WhiteElo "2494"]
[BlackElo "2175"]
[Result "1-0"]
[Round "05"]
[TimeControl "180+1"]
[Date "2022.06.14"]
[WhiteClock "0:00:24"]
[BlackClock "0:00:01"]

1. b3 e5 2. Bb2 Nc6 3. c4 Nf6 4. e3 d5 5. cxd5 Nxd5 6. a3 Bd6 7. Qc2 O-O 8. Nf3 Be6 9. d3 f5 10. Nbd2 Qf6 11. g3 Rae8 12. Bg2 Nb6 13. Nc4 Nxc4 14. bxc4 Qe7 15. O-O f4 16. gxf4 exf4 17. e4 Bg4 18. d4 Qxe4 19. Qxe4 Rxe4 20. c5 Be7 21. h3 Be6 22. Ng5 Re2 23. Nxe6 Rf6 24. d5 Rxb2 25. dxc6 f3 26. Rfb1 Rxb1+ 27. Rxb1 bxc6 28. Rb8+ Kf7 29. Ng5+ Kg6 30. Nxf3 Re6 31. Re8 Re2 32. Bf1 1-0


[Site "https://www.chess.com"]

[Event "Titled Tuesday Blitz June 14 Late 2022"]
[White "Aldokhin, Ivan"]
[Black "Krstulovic, Alex"]
[WhiteFideId "24115720"]
[BlackFideId "760056"]
[WhiteElo "2231"]
[BlackElo "2193"]
[Result "1-0"]
[Round "06"]
[TimeControl "180+1"]
[Date "2022.06.15"]
[WhiteClock "0:00:06"]
[BlackClock "0:00:04"]

1. e4 c5 2. Nf3 e6 3. d4 cxd4 4. Nxd4 Nf6 5. Nc3 Nc6 6. Ndb5 Bc5 7. Nd6+ Ke7 8. Nxc8+ Rxc8 9. Bd3 Qc7 10. O-O h5 11. Bg5 Kf8 12. Qd2 Ng4 13. Bf4 Bd6 14. Bxd6+ Qxd6 15. f4 Qd4+ 16. Kh1 Ne3 17. Rf2 Nb4 18. Nb5 Qc5 19. Na3 d5 20. exd5 Ng4 21. Rf3 Nxd5 22. Re1 Rd8 23. f5 e5 24. Be4 Rd6 25. Rd1 Ngf6 26. Bxd5 Rxd5 27. Rd3 Ne4 28. Rxd5 Nf2+ 29. Kg1 Nh3+ 30. Kh1 Nf2+ 31. Kg1 Nh3+ 32. Kf1 Qg1+ 33. Ke2 Qxg2+ 34. Ke3 Qg5+ 35. Kd3 Nf4+ 36. Kc4 Kg8 37. Rd8+ Kh7 38. Rxh8+ Kxh8 39. Qd8+ 1-0


[Site "https://www.chess.com"]

[Event "Titled Tuesday Blitz June 14 Late 2022"]
[White "Ambartsumova, Karina"]
[Black "Remolar Gallen, Jose"]
[WhiteFideId "4166299"]
[BlackFideId "2215187"]
[WhiteElo "2262"]
[BlackElo "2205"]
[Result "1-0"]
[Round "06"]
[TimeControl "180+1"]
[Date "2022.06.15"]
[WhiteClock "0:00:07"]
[BlackClock "0:00:01"]

1. Nf3 Nf6 2. c4 g6 3. b3 Bg7 4. Bb2 O-O 5. e3 d6 6. d4 Nbd7 7. Be2 c6 8. O-O Qc7 9. Nc3 b6 10. e4 Bb7 11. Qc2 e5 12. Rad1 Rfe8 13. Rfe1 Rad8 14. Bf1 a6 15. a4 a5 16. h3 Nb8 17. Ne2 Nfd7 18. Ng3 Na6 19. Bc3 Nb4 20. Qb2 c5 21. d5 Rf8 22. Bd3 Bc8 23. Rf1 Nxd3 24. Rxd3 f5 25. Ng5 Nf6 26. exf5 gxf5 27. Ne6 Bxe6 28. dxe6 Ne4 29. Nxe4 fxe4 30. Rg3 Qe7 31. Qe2 Qxe6 32. Qxe4 Rf6 33. Rd1 Rdf8 34. f3 Kh8 35. Qb7 Bh6 36. Rg4 Be3+ 37. Kh1 R6f7 38. Qxb6 Qh6 39. Rxd6 Rxf3 40. Bxe5+ R8f6 41. Bxf6+ Rxf6 42. Rxf6 1-0


[Site "https://www.chess.com"]

[Event "Titled Tuesday Blitz June 14 Late 2022"]
[White "Aravindh, Chithambaram VR."]
[Black "Dubov, Daniil"]
[WhiteFideId "5072786"]
[BlackFideId "24126055"]
[WhiteElo "2577"]
[BlackElo "2791"]
[Result "0-1"]
[Round "06"]
[TimeControl "180+1"]
[Date "2022.06.14"]
[WhiteClock "0:00:02"]
[BlackClock "0:00:06"]

1. Nc3 d5 2. e4 d4 3. Nce2 c5 4. d3 Nc6 5. f4 e5 6. Nf3 Bd6 7. g3 Nge7 8. Bg2 f6 9. O-O Be6 10. Kh1 Qd7 11. c3 h6 12. cxd4 cxd4 13. f5 Bf7 14. g4 O-O-O 15. Ng3 Kb8 16. h4 Rc8 17. Rf2 Rc7 18. Kh2 Rhc8 19. g5 hxg5 20. hxg5 Nb4 21. g6 Bxa2 22. b3 Rxc1 23. Rxc1 Rxc1 24. Qxc1 Nxd3 25. Qc2 Nxf2 26. Qxf2 Bxb3 27. Nh5 Nc6 28. Nd2 Bg8 29. Bf1 Bf8 30. Qf3 a5 31. Bb5 Qd6 32. Ng3 Qb4 33. Qe2 d3 34. Qxd3 Nd4 35. Bc4 Qxd2+ 36. Qxd2 Nf3+ 37. Kg2 Nxd2 38. Bxg8 Kc7 39. Kf2 a4 40. Ke2 Nb1 41. Kd3 b5 42. Nf1 Kb6 43. Ne3 b4 44. Nd5+ Kc6 45. Bf7 Kc5 46. Nc7 b3 47. Ne6+ Kb4 48. Nxf8 a3 49. Ne6 a2 50. Nxg7 a1=Q 51. Ne8 Qd4+ 52. Ke2 Qxe4+ 53. Kf2 Qxf5+ 54. Kg3 Qg5+ 55. Kh3 Nd2 56. g7 b2 0-1


[Site "https://www.chess.com"]

[Event "Titled Tuesday Blitz June 14 Late 2022"]
[White "Bas Mas, Jose Joaquin"]
[Black "Fidalgo, Andre Neves"]
[WhiteFideId "22219064"]
[BlackFideId "1933620"]
[WhiteElo "2233"]
[BlackElo "2023"]
[Result "1-0"]
[Round "06"]
[TimeControl "180+1"]
[Date "2022.06.15"]
[WhiteClock "0:00:04"]
[BlackClock "0:00:03"]

1. e4 c5 2. Nc3 g6 3. f4 Bg7 4. Nf3 Nc6 5. Bb5 Nd4 6. a4 a6 7. Bc4 e6 8. O-O Ne7 9. d3 O-O 10. Ba2 d5 11. Nxd4 cxd4 12. Ne2 dxe4 13. dxe4 Qb6 14. Kh1 Bd7 15. Bb3 Bc6 16. Qd3 Rad8 17. Bd2 Kh8 18. Rae1 f5 19. Ng3 Rde8 20. Bxe6 fxe4 21. Nxe4 Bxa4 22. Ng5 Bf6 23. Qh3 Bxg5 24. fxg5 Rxf1+ 25. Rxf1 Nf5 26. Bxf5 gxf5 27. Qxf5 Qe6 28. Qd3 Qd5 29. c4 Qe5 30. Bf4 Qe4 31. Qg3 Bc6 32. h4 d3 33. Kh2 Qe2 34. Rf2 Qe1 35. Rd2 Qxg3+ 36. Kxg3 Be4 37. Kf2 Bf5 38. g3 Kg8 39. Kf3 Re4 40. g4 Rxc4 41. gxf5 1-0


[Site "https://www.chess.com"]

[Event "Titled Tuesday Blitz June 14 Late 2022"]
[White "Beulen, Marcel"]
[Black "Kozin, Yuri"]
[WhiteFideId "1001450"]
[BlackFideId "4129920"]
[WhiteElo "2388"]
[BlackElo "2542"]
[Result "0-1"]
[Round "06"]
[TimeControl "180+1"]
[Date "2022.06.15"]
[WhiteClock "0:00:03"]
[BlackClock "0:00:07"]

1. e4 c5 2. Nf3 e6 3. b3 b6 4. Bb2 Bb7 5. Qe2 Nf6 6. Nc3 Be7 7. g3 O-O 8. Bg2 Nc6 9. O-O d5 10. e5 Nd7 11. d3 Qc7 12. Rfe1 Rac8 13. Rad1 a6 14. Nb1 b5 15. Nbd2 Nb4 16. c3 Nc6 17. a3 a5 18. d4 Ba6 19. Qe3 Qb6 20. Rc1 Rc7 21. h4 Rfc8 22. Bf1 b4 23. axb4 cxd4 24. cxd4 Bxf1 25. bxa5 Nxa5 26. Nxf1 Qxb3 27. Qxb3 Nxb3 28. Rxc7 Rxc7 29. Re2 Nb6 30. Ne3 Bb4 31. Kg2 h6 32. Rc2 Rxc2 33. Nxc2 Ba5 34. Ba3 Nc4 35. Be7 Bb6 36. Kf1 Nca5 37. Ke2 Nc6 38. Bc5 Bxc5 39. dxc5 Nxc5 40. Ncd4 Ne7 41. Nd2 Nd7 42. f4 h5 43. Kf3 Nc5 44. N2b3 Nxb3 45. Nxb3 Nc6 46. g4 g6 47. gxh5 gxh5 48. f5 exf5 49. Kf4 Ne7 50. Nd4 Kg7 51. e6 fxe6 52. Nxe6+ Kf6 53. Nd4 Ng6+ 54. Kf3 Nxh4+ 55. Kg3 Ng6 56. Kf3 Ke5 57. Ne2 d4 58. Ng3 h4 59. Ne2 d3 60. Nf4 Nxf4 0-1


[Site "https://www.chess.com"]

[Event "Titled Tuesday Blitz June 14 Late 2022"]
[White "Bluebaum, Matthias"]
[Black "Bernadskiy, Vitaliy"]
[WhiteFideId "24651516"]
[BlackFideId "14100371"]
[WhiteElo "2556"]
[BlackElo "2473"]
[Result "0-1"]
[Round "06"]
[TimeControl "180+1"]
[Date "2022.06.14"]
[WhiteClock "0:00:02"]
[BlackClock "0:00:07"]

1. d4 b6 2. c4 Bb7 3. Nc3 e6 4. a3 Nf6 5. Bf4 Be7 6. d5 O-O 7. Nf3 Na6 8. b4 exd5 9. cxd5 Bd6 10. Bg5 h6 11. Bh4 Re8 12. e3 Nxb4 13. axb4 g5 14. Bg3 Bxb4 15. Qb3 Nxd5 16. Bc4 Bxc3+ 17. Ke2 Bxa1 18. Bxd5 Bxd5 19. Qxd5 Bg7 20. h4 c6 21. Qd3 g4 22. Ng5 hxg5 23. hxg5 d5 24. Qh7+ Kf8 25. g6 Qf6 26. gxf7 Kxf7 27. Qh5+ Kf8 28. Bh4 Qb2+ 29. Kf1 Qc1+ 30. Ke2 Qc2+ 31. Kf1 Qd1# 0-1


[Site "https://www.chess.com"]